 Dungeon Crawl Stone Soup version 0.30-a0-857-gcaf70739d4 (webtiles) character file.

Game seed: 12277080235262126075

106 gelatine the Chopper (level 4, -2/34 HPs)
             Began as a Demonspawn Gladiator on Mar 5, 2023.
             Slain by a gnoll
             ... wielding a +0 club
              (6 damage)
             ... on level 3 of the Dungeon.
             The game lasted 00:03:50 (2227 turns).

gelatine the Chopper (Demonspawn Gladiator)         Turns: 2227, Time: 00:03:51

Health: -2/34      AC:  3    Str: 17    XL:     4   Next: 55%
Magic:  4/4        EV: 10    Int:  9    God:
Gold:   120        SH:  7    Dex: 14    Spells: 3/3 levels left

rFire   . . .      SeeInvis .    a - +0 war axe
rCold   . . .      Faith    .    l - +0 kite shield
rNeg    + . .      Spirit   .    b - +0 leather armour
rPois   .          Reflect  .    (helmet restricted)
rElec   .          Rampage  .    (no cloak)
rCorr   .                        (no gloves)
Will    .....                    (no boots)
Stlth   +                        (no amulet)
HPRegen 0.25/turn                g - ring of positive energy
MPRegen 0.09/turn                (no ring)

@: no status effects
A: horns 1
a: no special abilities


You were on level 3 of the Dungeon.
You visited 1 branch of the dungeon, and saw 3 of its levels.

You collected 120 gold pieces.

Inventory:

Hand Weapons
 a - a +0 war axe (weapon)
Missiles
 d - 3 throwing nets (quivered)
 e - a javelin
 i - a boomerang
Armour
 b - a +0 leather armour (worn)
 c - a +0 helmet
 l - a +0 kite shield (worn)
Jewellery
 g - a ring of positive energy (left hand)
 p - a ring of wizardry
Scrolls
 f - 4 scrolls of identify {unknown}
 h - a scroll of acquirement {unknown}
 j - a scroll of teleportation {unknown}
 k - a scroll of vulnerability {unknown}
 m - a scroll of noise {unknown}
 n - 2 scrolls of torment {unknown}
 o - a scroll of brand weapon {unknown}
 q - a scroll of poison {unknown}


   Skills:
 * Level 2.5 Fighting
 * Level 3.7 Axes
 + Level 1.8 Throwing
 * Level 1.5 Armour
 * Level 3.2 Dodging
 * Level 0.1 Shields


You had 3 spell levels left.
You didn't know any spells.
Your spell library was empty.

Dungeon Overview and Level Annotations

Branches:
Dungeon (3/15)

Altars:

Shops:
D:1 (

Annotations:
D:3 Robin


Innate Abilities, Weirdness & Mutations

You have a pair of small horns on your head.


Message History

The goblin hits you but does no damage. You block the goblin's attack.
The hobgoblin barely misses you.
You hit the hobgoblin.
The hobgoblin is almost dead.
You hit the goblin.
You kill the goblin!
The hobgoblin hits you.
You completely miss the hobgoblin. Your headbutt misses the hobgoblin.
The hobgoblin is almost dead.
You block the hobgoblin's attack. x2
You slash the hobgoblin!
You kill the hobgoblin!
Robin throws the goblin at you!
A goblin comes into view. It is wielding a +0 club.
The hobgoblin no longer looks unusually strong.
The goblin no longer looks unusually strong.
The goblin closely misses you.
Robin points. "Kill!"
You see here a +0 dagger.
The goblin attacks as you move away! The goblin closely misses you.
You closely miss the goblin. The goblin hits you but does no damage.
The goblin hits you with a +0 club.
You slash the goblin!
You kill the goblin!
You closely miss the hobgoblin. You block the hobgoblin's attack.
The hobgoblin closely misses you.
You barely miss the hobgoblin. The hobgoblin completely misses you.
You closely miss the hobgoblin.
The hobgoblin hits you but does no damage.
You block the hobgoblin's attack.
You slash the hobgoblin!
You kill the hobgoblin!
The gnoll throws a stone.
The stone hits you.
You slash the gnoll! You headbutt the gnoll.
The gnoll is severely wounded.
Robin's bangles clink loudly.
The gnoll hits you from afar with a +0 spear!
* * * LOW HITPOINT WARNING * * *
The gnoll hits you with a +0 club.
You die... ......# #...#. #...). ###..g. ..#..g. #.# gg#

#.# #.#
########.###g###...
###......[.@ggJ......#
#.......##.##g).[###.#
#...#...##.##....#
#..#.#..##.##....#
#.#._.#....##....#
#..#.#...####....#
#...#.....)##....#
####........#.#####.#
#.....###...#.#


You could see Robin (fast), 3 gnolls and an endoplasm.

Vanquished Creatures
  An orc wizard (D:2)
  An adder (D:2)
  A worm (D:2)
  A dart slug (D:2)
  3 orcs (D:2)
  7 ball pythons
  4 endoplasms
  2 giant cockroaches (D:1)
  14 goblins
  11 hobgoblins
  5 bats (D:1)
  A frilled lizard (D:2)
  4 kobolds
  5 rats
60 creatures vanquished.

Vanquished Creatures (others)
  A plant (D:1)
1 creature vanquished.

Grand Total: 61 creatures vanquished

Notes
Turn   | Place    | Note
-------+----------+-------------------------------------------
     0 | D:1      | gelatine the Demonspawn Gladiator began the quest for the
                  | Orb.
     0 | D:1      | Reached XP level 1. HP: 16/16 MP: 1/1
   230 | D:1      | Found Dyenges's Weapon Shoppe.
   365 | D:1      | Gained mutation: You have a pair of small horns on your
                  | head. [demonic ancestry]
   365 | D:1      | Reached XP level 2. HP: 22/22 MP: 2/2
  1054 | D:2      | Reached XP level 3. HP: 16/27 MP: 3/3
  1592 | D:2      | Reached skill level 1 in Armour
  1592 | D:2      | Reached XP level 4. HP: 8/34 MP: 4/4
  2184 | D:3      | Found a faded altar of an unknown god.
  2201 | D:3      | Noticed Robin
  2227 | D:3      | Slain by a gnoll

Illustrated notes

Levels and vault maps discovered:
D:1:      dpeg_arrival_fog, layout_loops_corners, serial_shops, shop,
          chequers_big_river
D:2:      kb_forest_paths, layout_basic
D:3:      minmay_spotlight, layout_basic, marbit_many_paths,
          chequers_ecumenical_altar_simple_redux, uniq_ijyb, uniq_robin

Skill      XL: |  1  2  3 |
---------------+----------+-----
Axes           | 3 |  3.7
Dodging        | 3 |  3.2
Armour         | 1 |  1.5
Fighting       | |  2.5
Throwing       | |  1.8
Shields        | |  0.1

Action                     |  1- 3 |  4- 6 || total
---------------------------+-------+-------++-------
  Melee: War axe           |    91 |    36 ||   127
         Headbutt          |    10 |     8 ||    18
    Use: Potion            |     2 |       ||     2
 Armour: Leather armour    |    42 |     8 ||    50
  Dodge: Dodged            |    56 |    21 ||    77
  Block: Kite shield       |       |    11 ||    11

Table legend: (Time is in decaauts)
 A = Elapsed time spent in this place.
 B = Non-inter-level travel time spent in this place.
 C = Inter-level travel time spent in this place.
 D = Time resting spent in this place.
 E = Time spent auto-exploring this place.
 F = Levels seen in this place.
 G = Mean time per level.
                   A        B        C        D        E       F      G
               +--------+--------+--------+--------+--------+-----+--------+
         Total |   2279 |   2173 |    106 |      0 |   1798 |   3 |  759.7 |
       Dungeon |   2279 |   2173 |    106 |      0 |   1798 |   3 |  759.7 |
               +--------+--------+--------+--------+--------+-----+--------+

Top non-repeatable levels by time:
     D:2: 1160 daAuts
     D:1: 1059 daAuts
     D:3: 59 daAuts
